Map: Kairos Junction LE

Players

TIME (Oliveira)

  • Race: Terran Terran
  • League: Master
  • Spawn Location: 11:00

MaSa - Winner!

  • Race: Terran Terran
  • League: Master
  • Spawn Location: 5:00

Event: 2019 WCS Winter Americas

VOD

Have the link to the VOD?

Description

Time

  • Played on: April 6, 2019, 1:52 p.m.
  • Length: 7:59

All games in this series

Show
View Real Time Build Order
Export as new Build Order

TIME Terran 

Build Orders:  

Get SALT Encoding   

  12  0:01  SCV  
  13  0:13  SCV  
  14  0:18  Supply Depot  
  14  0:25  SCV  
  15  0:29  Refinery  
  15  0:39  SCV  
  16  0:45  Barracks  
  16  0:51  SCV  
  17  0:57  Refinery  
  17  1:03  SCV  
  18  1:15  SCV  
  19  1:32  Reaper, Orbital Command  
  20  1:37  Factory  
  20  1:53  Supply Depot  
  20  1:58  SCV  
  21  2:04  Reaper  
  22  2:10  SCV  
  23  2:22  Widow Mine  
  25  2:29  Command Center  
  25  2:32  SCV  
  25  2:36  Barracks Reactor  
  26  2:45  Factory Tech Lab  
  26  2:47  SCV  
  27  2:51  Starport  
  27  2:54  Supply Depot  
  27  2:59  SCV  
  28  3:05  Cyclone  
  31  3:16  SCV, Marine x2  
  34  3:20  Supply Depot  
  34  3:28  SCV, Starport Tech Lab  
  35  3:34  Marine  
  35  3:36  Marine  
  35  3:37  Refinery  
  37  3:42  Orbital Command  
  37  3:52  Raven, Marine  
  37  3:54  SCV  
  39  4:02  Marine  
  40  4:06  SCV, Siege Tank  
  40  4:09  SCV  
  45  4:11  Marine  
  46  4:18  SCV  
  46  4:21  SCV  
  46  4:22  Marine  
  49  4:30  SCV  
  50  4:33  SCV  
  50  4:35  Raven  
  50  4:37  Supply Depot  
  53  4:40  Marine x2  
  53  4:42  SCV  
  53  4:44  Siege Tank  
  59  4:48  SCV  
  59  4:50  Supply Depot  
  60  4:54  SCV  
  60  4:58  Marine  
  62  5:00  SCV  
  63  5:07  SCV  
  63  5:12  Supply Depot  
  63  5:13  SCV  
  65  5:17  Siege Tank  
  68  5:25  SCV  
  68  5:26  SCV  
  70  5:29  Marine  
  70  5:30  Stimpack  
  70  5:32  Viking x2  
  75  5:38  SCV x2  
  75  5:42  Supply Depot  
  77  5:44  Command Center  
  77  5:46  Refinery  
  77  5:49  Marine  
  78  5:50  SCV  
  78  5:52  Siege Tank  
  78  5:55  SCV  
  83  6:02  Viking, SCV  
  86  6:04  Supply Depot  
  86  6:07  Viking  
  86  6:09  SCV  
  89  6:14  SCV  
  90  6:21  SCV  
  85  6:27  Siege Tank  
  85  6:30  SCV  
  86  6:35  SCV  
  85  6:42  Viking  
  85  6:44  SCV  
  85  6:46  Viking  
  85  6:49  SCV  
  85  6:50  Marine  
  85  6:54  Engineering Bay  
  84  6:55  Engineering Bay  
  84  6:57  SCV  
  82  7:01  SCV  
  80  7:09  Siege Tank  
  80  7:10  SCV  
  80  7:13  SCV  
  80  7:14  Viking  
  49  7:31  Marine  
Show
View Real Time Build Order
Export as new Build Order

MaSa Terran - Winner!

Build Orders: 1/1/1 

Get SALT Encoding   

  12  0:00  SCV  
  13  0:12  SCV  
  14  0:17  Supply Depot  
  14  0:24  SCV  
  14  0:27  Refinery  
  15  0:38  SCV  
  16  0:44  Barracks  
  16  0:50  SCV  
  16  0:55  Refinery  
  17  1:03  SCV  
  18  1:15  SCV  
  19  1:32  Factory  
  19  1:33  Reaper  
  19  1:34  Orbital Command  
  20  1:45  Supply Depot  
  21  2:01  SCV  
  21  2:05  Reaper  
  22  2:13  SCV  
  25  2:16  Hellion, Starport  
  25  2:25  SCV  
  26  2:33  Supply Depot  
  28  2:37  SCV, Barracks Tech Lab, Widow Mine  
  29  2:49  SCV  
  30  2:58  Raven  
  30  3:01  SCV  
  33  3:13  Command Center  
  33  3:14  SCV  
  33  3:16  Barracks Reactor  
  34  3:22  Hellion  
  34  3:26  SCV  
  37  3:30  Supply Depot  
  37  3:38  SCV  
  37  3:50  SCV  
  37  3:51  Banshee  
  37  3:53  Marine x2  
  41  3:58  Factory Tech Lab  
  41  4:02  SCV  
  42  4:10  Refinery  
  42  4:13  Marine x2  
  42  4:14  SCV  
  45  4:24  Siege Tank  
  45  4:26  SCV  
  45  4:27  Supply Depot  
  45  4:31  Orbital Command  
  49  4:38  SCV  
  49  4:40  Viking  
  52  4:47  Viking  
  52  4:49  Marine  
  52  4:51  SCV  
  56  4:58  Siege Tank  
  59  5:02  SCV  
  59  5:07  SCV, Supply Depot  
  61  5:13  Viking  
  63  5:19  Viking  
  63  5:21  SCV  
  66  5:22  SCV  
  66  5:25  Marine  
  68  5:31  Siege Tank  
  68  5:33  SCV  
  72  5:36  SCV, Supply Depot  
  73  5:43  Viking  
  73  5:47  Marine  
  73  5:49  Viking  
  78  5:56  Stimpack  
  78  5:57  SCV  
  78  5:59  SCV, Supply Depot  
  78  6:03  Siege Tank  
  83  6:09  SCV  
  85  6:11  SCV  
  83  6:27  SCV  
  83  6:28  Marine  
  83  6:29  Viking x2  
  83  6:31  SCV  
  90  6:39  SCV  
  91  6:40  Barracks  
  91  6:46  SCV, Marine  
  87  6:50  Command Center  
  87  6:51  SCV  
  88  6:58  SCV  
  86  7:03  SCV  
  86  7:06  Viking, Siege Tank, Marine  
  93  7:10  SCV  
  93  7:13  Supply Depot  
  94  7:26  SCV  
  94  7:27  SCV  
  89  7:32  Barracks Reactor  
  89  7:33  Supply Depot  
  84  7:35  Barracks  
  84  7:36  Supply Depot, Barracks  
  84  7:38  SCV  
Tags
 
Add a new tag
Caveats
  • Supply blocks, unpowered buildings, or Contaminate may cause inaccurate times.
  • Supply counts are checked every 10 seconds.